 Dungeon Crawl Stone Soup version 0.29.1-2-gbd0b4ee654 (webtiles) character file.

Game seed: 10805940959642134841

57781 sanboga the Brawler (level 14, -6/214 HPs)
             Began as a Troll Berserker on Nov 29, 2022.
             Was a High Priest of Trog.
             Mangled by a hell hound (8 damage)
             ... on level 5 of the Lair of Beasts.
             The game lasted 00:27:10 (17360 turns).

sanboga the Brawler (Troll Berserker)              Turns: 17360, Time: 00:27:11

Health: -6/214     AC: 14    Str: 29    XL:     14   Next: 47%
Magic:  0/22       EV: 11    Int:  7    God:    Trog [*****.]
Gold:   1487       SH:  0    Dex: 12    Spells: 13/13 levels left

rFire   + + .      SeeInvis .     - Unarmed
rCold   x . .      Faith    .   (no shield)
rNeg    . . .      Spirit   +   D - +0 fire dragon scales
rPois   .          Reflect  .   w - +2 hat
rElec   .          Harm     .   x - +1 cloak of Gozag's Condemnation {Str-3 Int+4 Dex+3 Slay+5}
rCorr   +          Rampage  .   (gloves unavailable)
Will    +....                   (boots unavailable)
Stlth   ..........              d - amulet of guardian spirit
HPRegen 1.25/turn               m - ring of magical power
MPRegen 0.18/turn               C - ring of resist corrosion

@: berserking (expiring), studying Stealth, very quick
A: large, unfitting armour, claws 3, regeneration 1, shaggy fur 1, tough skin 1
a: Renounce Religion, Berserk, Trog's Hand, Brothers in Arms


You were on level 5 of the Lair of Beasts.
You worshipped Trog.
Trog was extremely pleased with you.
You visited 2 branches of the dungeon, and saw 20 of its levels.

You collected 1797 gold pieces.
You spent 310 gold pieces at shops.

Inventory:

Hand Weapons
 A - a +1 scimitar of flaming
 B - the +8 whip "Snakebite" {venom, curare, rPois}
   (You found it on level 2 of the Lair of Beasts)

   It poisons the flesh of those it strikes.
   It occasionally inflicts asphyxiating poison on those it strikes, dealing
   poison damage and causing slowness.
   rPois:     It protects you from poison.
Armour
 w - a +2 hat (worn)
 x - the +1 cloak of Gozag's Condemnation (worn) {Str-3 Int+4 Dex+3 Slay+5}
   (You found it on level 7 of the Dungeon)

   Str:       It affects your strength (-3).
   Int:       It affects your intelligence (+4).
   Dex:       It affects your dexterity (+3).
   Slay:      It affects your accuracy & damage with ranged weapons and melee
   (+5).
 D - +0 fire dragon scales (worn)
Jewellery
 d - an amulet of guardian spirit (around neck)
 m - a ring of magical power (left claw)
 C - a ring of resist corrosion (right claw)
Wands
 c - a wand of quicksilver (33)
 f - a wand of mindburst (1)
 k - a wand of iceblast (11)
 o - a wand of flame (19)
 r - a wand of polymorph (5)
 y - a wand of paralysis (12)
Scrolls
 a - a scroll of fear
 e - 6 scrolls of enchant armour
 j - a scroll of silence
 n - 2 scrolls of teleportation
 p - a scroll of enchant weapon
 s - 6 scrolls of magic mapping
 v - 6 scrolls of identify
Potions
 b - 3 potions of cancellation
 g - 11 potions of curing
 h - 7 potions of haste
 i - 2 potions of berserk rage
 l - 6 potions of heal wounds
 q - 5 potions of flight
 t - 2 potions of mutation
 u - 2 potions of ambrosia
 z - 5 potions of might
 E - a potion of resistance {unknown}


   Skills:
 + Level 10.3 Fighting
 + Level 10.2 Dodging
 + Level 9.3 Stealth
 * Level 16.5 Unarmed Combat


You had 13 spell levels left.
You didn't know any spells.
Your spell library was empty.

Dungeon Overview and Level Annotations

Branches:
Dungeon (15/15)            Temple (0/1) D:5            Lair (4/5) D:8
 Shoals (0/4) Lair:2        Snake (0/4) Lair:2        Slime (0/5) Lair:4
    Orc (0/2) D:12         Vaults (0/5) D:13         Depths (0/4) D:15

Altars:
Cheibriados
Gozag
Hepliaklqana
Makhleb
Nemelex Xobeh
Ru
Trog
Vehumet

Shops:
D:3 *   D:6 (

Annotations:
D:6 3 runed translucent doors, elongatedgoose's ghost, novice MiFi


Innate Abilities, Weirdness & Mutations

You are too large for most types of armour.
You have claws for hands.
Your natural rate of healing is unusually fast.
You are covered in fur. (AC +1)
You have tough skin. (AC +1)


Message History

You eviscerate the hell beast!!!
The hell beast is almost dead.
You hear a bark!
An orange demon comes into view.
The hellwing hits you.
* * * LOW HITPOINT WARNING * * *
The hellwing hits you but does no damage.
The hell hound bites you but does no damage.
A hell hound comes into view.
The hell beast bites you.
* * * LOW HITPOINT WARNING * * *
The hell beast tramples you!
* * * LOW HITPOINT WARNING * * *
You hold your ground!
You mangle the hell beast!!
You kill the hell beast!
Trog accepts your kill.
You mangle the hellwing!!
You kill the hellwing!
Trog accepts your kill. The hell hound breathes flames at you.
The blast of flame hits you. You resist.
* * * LOW HITPOINT WARNING * * *
The red devil barely misses you. The hell hound barely misses you.
You closely miss the hell hound.
The hell hound bites you but does no damage.
You mangle the hell hound!!
The hell hound is almost dead.
The hell hound closely misses you. The red devil barely misses you.
You eviscerate the hell hound!!!
You kill the hell hound!
Trog accepts your kill.
The hell hound bites you but does no damage.
You closely miss the hell hound. The hell hound bites you!
* * * LOW HITPOINT WARNING * * *
The hell hound bites you!
* * * LOW HITPOINT WARNING * * *
You barely miss the hell hound. Your claw misses the hell hound.
The hell hound bites you!
You die...

## ≈§≈
#############≈§§≈
#........#.....≈≈
#...8.8..#.......
#..8.#...4...._.4
#...8.#h4#...h.h.
#..#.8@h.#.......
#...#.8h.###########
#..8.8...'..........
#........#...8....8.
+#########..........
######++###


You could see an orange demon, a red devil and 3 hell hounds.

Vanquished Creatures
  Gastronok (D:10)
  The ghost of gdog the Covert, a journeyman GnDe of Gozag (D:13)
  Snorg (D:12)
  3 fire dragons (D:15)
  2 boulder beetles
  A hydra (Lair:1)
  A hell beast (Lair:5)
  2 ogre magi
  3 centaur warriors
  4 tengu warriors
  9 two-headed ogres
  A death yak (Lair:4)
  6 skeletal warriors
  A wizard (Lair:5)
  A harpy (shapeshifter) (D:14)
  17 ugly things
  4 deep elf pyromancers
  2 manticores
  A cyclops (D:14)
  3 elephants (Lair:4)
  A merfolk siren (Lair:2)
  9 black mambas
  5 cane toads
  Joseph (D:8)
  A gargoyle (D:11)
  3 centaur skeletons (D:13)
  A kobold demonologist (D:13)
  2 rime drakes
  2 yaktaurs (D:13)
  5 komodo dragons
  An efreet (D:13)
  A hellwing (Lair:5)
  3 ice devils (Lair:5)
  3 freezing wraiths
  2 tengu conjurers (D:14)
  3 meliai (D:15)
  2 polar bears
  4 blink frogs (Lair:4)
  4 wyverns
  11 yaks
  2 wraiths
  A centaur simulacrum (D:14)
  A shadow (D:11)
  13 vampire mosquitoes
  Grum (D:9)
  3 basilisks
  3 nagas (Lair:2)
  A steam dragon (D:9)
  An acid dragon (D:13)
  12 water moccasins
  A hell hound (Lair:5)
  2 black bears (D:6)
  6 ogres
  2 ice beasts
  An orc warrior (D:9)
  5 wolves
  4 centaurs
  A phantom (D:4)
  A kobold brigand (D:8)
  14 bullfrogs
  3 gnoll sergeants
  2 scorpions (D:6)
  4 wights
  14 killer bees
  3 electric eels
  5 hounds
  A jelly (D:4)
  Crazy Yiuf (D:5)
  2 orc priests
  4 iguanas
  Jessica (D:2)
  3 gnoll boudas
  11 orc wizards
  2 hell rats (Lair:2)
  A boggart skeleton (D:13)
  30 gnolls
  12 adders
  11 river rats (Lair:2)
  A shadow imp (D:7)
  4 white imps
  3 ufetubi
  2 worms
  2 dart slugs
  26 orcs
  9 ball pythons
  7 bats
  5 endoplasms
  2 giant cockroaches
  4 goblins
  5 hobgoblins
  3 jackals (D:5)
  3 quokkas
  4 frilled lizards
  15 kobolds
  8 rats
  A plant (D:14)
417 creatures vanquished.

Vanquished Creatures (collateral kills)
  A hydra (Lair:3)
1 creature vanquished.

Vanquished Creatures (others)
  2 fungi
  20 plants
  4 toadstools (D:1)
26 creatures vanquished.

Grand Total: 444 creatures vanquished

Notes
Turn   | Place    | Note
-------+----------+-------------------------------------------
     0 | D:1      | sanboga the Troll Berserker began the quest for the Orb.
     0 | D:1      | Reached XP level 1. HP: 22/22 MP: 0/0
   146 | D:1      | Reached XP level 2. HP: 23/29 MP: 1/1
   780 | D:2      | Reached XP level 3. HP: 33/36 MP: 2/2
   835 | D:2      | Found a radiant altar of Vehumet.
   888 | D:2      | Identified the +7 whip of Grandeur {flame, rF+ Str+2 Int+3}
   917 | D:2      | Reached ** piety under Trog
  1042 | D:2      | Noticed Jessica
  1045 | D:2      | Killed Jessica
  1046 | D:2      | Reached XP level 4. HP: 44/44 MP: 3/3
  1305 | D:3      | Reached skill level 4 in Unarmed Combat
  1676 | D:3      | Reached skill level 1 in Stealth
  1829 | D:3      | Found Cyic's General Store.
  1834 | D:3      | Bought a potion of haste for 100 gold pieces
  1834 | D:3      | Bought a potion of lignification for 30 gold pieces
  1834 | D:3      | Bought 2 potions of flight for 60 gold pieces
  1834 | D:3      | Bought a scroll of identify for 20 gold pieces
  1834 | D:3      | Bought a scroll of identify for 20 gold pieces
  2152 | D:4      | Noticed a phantom
  2164 | D:4      | Killed a phantom
  2165 | D:4      | Reached XP level 5. HP: 53/53 MP: 4/4
  2424 | D:3      | Bought a scroll of vulnerability for 40 gold pieces
  2652 | D:4      | Reached XP level 6. HP: 51/61 MP: 5/5
  2832 | D:4      | Reached skill level 5 in Unarmed Combat
  2949 | D:5      | Entered Level 5 of the Dungeon
  3059 | D:5      | Reached *** piety under Trog
  3074 | D:5      | Noticed an ice beast
  3082 | D:5      | Killed an ice beast
  3083 | D:5      | Reached XP level 7. HP: 60/68 MP: 6/6
  3200 | D:5      | Found a runed translucent door.
  3201 | D:5      | Noticed Crazy Yiuf
  3281 | D:5      | Found a snail-covered altar of Cheibriados.
  3308 | D:5      | Found a staircase to the Ecumenical Temple.
  3787 | D:5      | Killed Crazy Yiuf
  3910 | D:3      | Bought a scroll of amnesia for 40 gold pieces
  4011 | D:6      | Reached skill level 6 in Unarmed Combat
  4056 | D:6      | Found Jehetzi's Antique Weapon Emporium.
  4110 | D:6      | Reached XP level 8. HP: 77/78 MP: 7/7
  4129 | D:6      | Found a runed translucent gate.
  4130 | D:6      | Found a runed translucent gate.
  4131 | D:6      | Found a runed translucent gate.
  4193 | D:6      | Reached skill level 7 in Unarmed Combat
  4363 | D:6      | Noticed elongatedgoose's ghost (novice MiFi)
  4670 | D:7      | Found a hazy altar of Hepliaklqana.
  4718 | D:7      | Reached **** piety under Trog
  4828 | D:7      | Reached skill level 5 in Fighting
  4828 | D:7      | Reached skill level 8 in Unarmed Combat
  4867 | D:7      | Reached XP level 9. HP: 82/88 MP: 8/8
  4902 | D:7      | Identified the +1 cloak of Gozag's Condemnation {Str-3
                  | Int+4 Dex+3 Slay+5}
  4919 | D:7      | Reached skill level 5 in Dodging
  5186 | D:7      | Found a burning altar of Makhleb.
  5488 | D:8      | Noticed Joseph
  5650 | D:8      | Killed Joseph
  5819 | D:8      | Reached skill level 9 in Unarmed Combat
  6006 | D:8      | Found a staircase to the Lair.
  6309 | D:8      | Found a sacrificial altar of Ru.
  6663 | D:9      | Reached ***** piety under Trog
  6749 | D:9      | Reached XP level 10. HP: 88/98 MP: 9/9
  6876 | D:9      | Noticed Grum
  6883 | D:9      | Killed Grum
  6967 | D:9      | Reached skill level 10 in Unarmed Combat
  7118 | D:9      | Found an opulent altar of Gozag.
  7118 | D:9      | Found a sparkling altar of Nemelex Xobeh.
  7118 | D:9      | Noticed a two-headed ogre
  7126 | D:9      | Killed a two-headed ogre
  7358 | D:10     | Entered Level 10 of the Dungeon
  7528 | D:10     | Noticed a two-headed ogre
  7535 | D:10     | Killed a two-headed ogre
  7745 | D:10     | Noticed Gastronok
  7762 | D:10     | Killed Gastronok
  7763 | D:10     | Reached skill level 11 in Unarmed Combat
  7937 | D:10     | Noticed a white ugly thing
  7952 | D:10     | Killed a white ugly thing
  7953 | D:10     | Reached XP level 11. HP: 107/107 MP: 10/10
  8703 | D:11     | Noticed a brown ugly thing
  8715 | D:11     | Killed a brown ugly thing
  9030 | D:12     | Noticed a deep elf pyromancer
  9041 | D:12     | Killed a deep elf pyromancer
  9042 | D:12     | Reached skill level 5 in Stealth
  9177 | D:12     | Noticed Snorg
  9183 | D:12     | Killed Snorg
  9463 | D:12     | Noticed a white ugly thing
  9473 | D:12     | Killed a white ugly thing
  9474 | D:12     | Reached skill level 12 in Unarmed Combat
  9586 | D:12     | Noticed a deep elf pyromancer
  9591 | D:12     | Killed a deep elf pyromancer
  9708 | D:12     | Found a staircase to the Orcish Mines.
  9720 | D:12     | Identified a scroll of acquirement
  9727 | D:12     | Acquired a manual of Stealth
  9771 | D:13     | Noticed a tengu warrior
  9772 | D:13     | Noticed a tengu warrior
  9788 | D:13     | Killed a tengu warrior
  9797 | D:13     | Killed a tengu warrior
  9907 | D:13     | Found a runed translucent door.
  9907 | D:13     | Noticed gdog's ghost (journeyman GnDe)
  9913 | D:13     | Noticed a cyan ugly thing
  9922 | D:13     | Killed a cyan ugly thing
 10175 | D:13     | Killed gdog's ghost
 10176 | D:13     | Reached XP level 12. HP: 119/119 MP: 11/11
 10304 | D:13     | Noticed a centaur warrior
 10410 | D:13     | Killed a centaur warrior
 10411 | D:13     | Reached skill level 13 in Unarmed Combat
 10483 | D:13     | Noticed a centaur warrior
 10487 | D:13     | Killed a centaur warrior
 10490 | D:13     | Noticed a two-headed ogre
 10503 | D:13     | Killed a two-headed ogre
 10512 | D:13     | Noticed an ogre mage
 10512 | D:13     | Noticed a two-headed ogre
 10669 | D:13     | Killed an ogre mage
 10674 | D:13     | Killed a two-headed ogre
 11055 | D:13     | Found a gate to the Vaults.
 11191 | D:14     | Identified the +10 war axe of Kicluor {speed, Str+7 Dex+4}
 11258 | D:14     | Noticed a boulder beetle
 11292 | D:14     | Killed a boulder beetle
 11362 | D:14     | Reached skill level 14 in Unarmed Combat
 11622 | D:14     | Noticed a two-headed ogre
 11628 | D:14     | Killed a two-headed ogre
 11853 | D:14     | Noticed a centaur warrior
 11860 | D:14     | Killed a centaur warrior
 11861 | D:14     | Reached XP level 13. HP: 123/130 MP: 12/12
 12563 | D:15     | Entered Level 15 of the Dungeon
 12799 | D:15     | Reached skill level 15 in Unarmed Combat
 12799 | D:15     | Noticed a fire dragon
 12800 | D:15     | HP: 1/131 [two-headed ogre/+0 giant club (6)]
 13293 | D:15     | Killed a fire dragon
 14092 | D:15     | Noticed a fire dragon
 14093 | D:15     | Noticed a fire dragon
 14096 | D:15     | Found a staircase to the Depths.
 14104 | D:15     | Killed a fire dragon
 14104 | D:15     | Received a gift from Trog
 14127 | D:15     | Killed a fire dragon
 14485 | Lair:1   | Entered Level 1 of the Lair of Beasts
 15335 | Lair:2   | Found a staircase to the Shoals.
 15377 | Lair:2   | Reached XP level 14. HP: 116/141 MP: 13/13
 15437 | Lair:2   | Found a bloodstained altar of Trog.
 15647 | Lair:2   | Found a staircase to the Snake Pit.
 15840 | Lair:2   | Found the +8 whip "Snakebite" {venom, curare, rPois}
 16199 | Lair:3   | Reached skill level 16 in Unarmed Combat
 16204 | Lair:3   | Reached skill level 10 in Fighting
 16361 | Lair:3   | Reached skill level 10 in Dodging
 17258 | Lair:4   | Found a staircase to the Slime Pits.
 17317 | Lair:4   | You fall into a shaft and drop 1 floor!
 17317 | Lair:5   | Entered Level 5 of the Lair of Beasts
 17327 | Lair:5   | Found a burning altar of Makhleb.
 17359 | Lair:5   | HP: 8/214 [hell hound (6)]
 17359 | Lair:5   | HP: 1/214 [hell hound (7)]
 17360 | Lair:5   | Mangled by a hell hound

Illustrated notes

Levels and vault maps discovered:
D:1:      ldierk_walled_garden_2, layout_basic, hangedman_decor_growths
D:2:      minmay_inner_zag, layout_rooms, basic_altar, nrook_mini_backslash,
          minmay_stone_trees_small, uniq_jessica
D:3:      layout_loops_corners, serial_shops, nicolae_shop_statue_plus
D:4:      layout_gridville
D:5:      layout_basic, mainiacjoe_overflow_alcove_1,
          minmay_temple_entry_statues_pillars, dreamdust_gnoll_farm,
          uniq_crazy_yiuf_cottage
D:6:      layout_cave_pools, gammafunk_ghost_necromancy, serial_shops, shop,
          minivault_10
D:7:      layout_loops_ring, lemuel_tele_altar, nicolae_overflow_hidden_temple
D:8:      layout_gridville, nicolae_ru_great_annihilating_truth,
          lair_entry_dummy, uniq_joseph
D:9:      layout_basic, grunt_temple_overflow_opulence, uniq_grum
D:10:     layout_layer_cave, minmay_misc_feat_x, uniq_gastronok
D:11:     layout_gridville, hangedman_decor_riveting, minivault_26
D:12:     layout_long_grid, orc_0_dummy, uniq_snorg
D:13:     layout_loops_cross, hangedman_vaults_entry_quadrant_bands,
          ebering_ghost_reflecting_pool, drop_trap
D:14:     layout_basic, wad_woods_river_04
D:15:     grunt_enter_depths_hoard, layout_layer_cave, minivault_23,
          chequers_serial_rivers_large_b
Lair:1:   layout_misc_corridors
Lair:2:   minmay_guarded_unrand_snakebite, layout_regular_city,
          minmay_shoals_entry_lonely_mermaid, guppyfry_snake_entry_garden,
          basic_altar, kennysheep_rathole, infiniplex_staircase_pool_2
Lair:3:   layout_loops_ring, serial_bayou_shore_a, grunt_megastairs_4
Lair:4:   layout_concentric_octagons, slime_entry_1, st_stairs_10
Lair:5:   evil_forest, layout_hall_layers

Skill      XL: |  1  2  3  4  5  6  7  8  9 10 11 12 13 14 |
---------------+-------------------------------------------+-----
Unarmed Combat | 4 5 6 8 9 11 12 14 15 16 | 16.5
Fighting       | 3 4 5 6 7 8 9 10 | 10.3
Dodging        | 3 4 5 6 7 8 9 10 | 10.2
Stealth        | 1 2 3 4 5 7 8 9 |  9.3

Action                   |  1- 3 |  4- 6 |  7- 9 | 10-12 | 13-15 || total
-------------------------+-------+-------+-------+-------+-------++-------
Melee: Unarmed           |    83 |   105 |   244 |   350 |   456 ||  1238
       Punch             |     1 |     2 |    11 |    20 |    61 ||    95
       Scimitar          |       |       |       |       |     6 ||     6
Invok: Berserk           |       |     1 |     4 |    14 |     7 ||    26
       Brothers in Arms  |       |       |       |       |     1 ||     1
  Use: Scroll            |       |     9 |     8 |    14 |     4 ||    35
       Potion            |       |       |       |     1 |     1 ||     2
 Stab: Sleeping          |       |     3 |     5 |     4 |     7 ||    19
       Distracted        |       |       |       |     2 |       ||     2
Armor: Animal skin       |    38 |    17 |    76 |    79 |       ||   210
       Robe              |       |       |       |    26 |    31 ||    57
       Fire dragon scale |       |       |       |       |   107 ||   107
Dodge: Dodged            |    52 |    59 |   130 |   207 |   155 ||   603
